 Dungeon Crawl Stone Soup version 0.24.0-3-g28a8eb0610 (webtiles) character file.

Game seed: 8875473472431899159, levelgen mode: deterministic

824 Granthy the Magician (level 7, -4/51 HPs)
             Began as a Gnoll Wizard on Nov 1, 2019.
             Killed by divine providence
             ... invoked by an orc priest
              (15 damage)
             ... on level 6 of the Dungeon.
             The game lasted 00:20:58 (5905 turns).

Granthy the Magician (Gnoll Wizard)                 Turns: 5905, Time: 00:20:58

Health: -4/51      AC:  5    Str: 10    XL:     7   Next: 96%
Magic:  9/18       EV: 15    Int: 22    God:
Gold:   308        SH:  0    Dex: 13    Spells: 10/21 levels left

rFire    . . .     SeeInvis .   e - +3 dagger (venom)
rCold    . . .     Gourm    .   (no shield)
rNeg     . . .     Faith    .   a - +0 robe
rPois    .         Spirit   .   g - +0 hat
rElec    .         Reflect  .   (no cloak)
rCorr    .         Harm     .   i - +1 pair of gloves
MR       .....                  y - +0 pair of boots
Stlth    +++.......             (no amulet)
HPRegen  0.17/turn              (no ring)
MPRegen  0.16/turn              (no ring)

@: no status effects
A: distributed training, fangs 1, strong nose
a: no special abilities


You were on level 6 of the Dungeon.
You were hungry.

You visited 1 branch of the dungeon, and saw 6 of its levels.

You collected 308 gold pieces.

Inventory:

Hand Weapons
 e - a +3 dagger of venom (weapon)
 x - a +0 dagger of pain
 z - a +0 shortbow of freezing
Missiles
 h - 13 poisoned darts
 n - a throwing net (quivered)
 A - 28 arrows
 B - 8 javelins
Armour
 a - a +0 robe (worn)
 b - a +0 hat
 g - a +0 hat (worn)
 i - a +1 pair of gloves (worn)
 m - a +0 pair of boots
 y - a +0 pair of boots (worn)
Jewellery
 r - an uncursed ring of attention
 w - an uncursed amulet of the gourmand
Scrolls
 f - 2 scrolls of identify
 t - 5 scrolls of remove curse
 u - a scroll of teleportation
 v - a scroll of enchant weapon
Potions
 c - 2 potions of invisibility {unknown}
 j - 3 potions of heal wounds
 k - a potion of brilliance {unknown}
 l - 3 potions of lignification {unknown}
 o - 4 potions of curing {unknown}
 p - 2 potions of might {unknown}
 q - a potion of degeneration {unknown}
 s - 2 potions of berserk rage {unknown}
Comestibles
 d - 6 rations


   Skills:
 + Level 2.7 Fighting
 + Level 2.7 Short Blades
 + Level 2.7 Long Blades
 + Level 2.7 Axes
 + Level 2.7 Maces & Flails
 + Level 2.7 Polearms
 + Level 2.7 Staves
 + Level 2.7 Slings
 + Level 2.7 Bows
 + Level 2.7 Crossbows
 + Level 2.7 Throwing
 + Level 2.7 Armour
 + Level 5.4 Dodging
 + Level 5.0 Stealth
 + Level 2.7 Shields
 + Level 2.7 Unarmed Combat
 + Level 7.7 Spellcasting
 + Level 3.1 Conjurations
 + Level 2.2 Hexes
 + Level 2.2 Charms
 + Level 3.1 Summonings
 + Level 2.2 Necromancy
 + Level 3.1 Translocations
 + Level 2.2 Transmutations
 + Level 2.2 Fire Magic
 + Level 2.2 Ice Magic
 + Level 2.2 Air Magic
 + Level 2.2 Earth Magic
 + Level 2.2 Poison Magic
 + Level 3.0 Invocations
 + Level 2.7 Evocations


You had 10 spell levels left.
You knew the following spells:

 Your Spells              Type           Power        Failure   Level  Hunger
a - Magic Dart            Conj           ###.         1%          1    None
b - Blink                 Tloc           N/A          3%          2    None
c - Conjure Flame         Conj/Fire      ###.....     8%          3    None
d - Call Imp              Summ           ###.....     3%          2    None
e - Mephitic Cloud        Conj/Pois/Air  ###.....     9%          3    None

Your spell library contained the following spells:

 Spells                   Type           Power        Failure   Level  Hunger
 Slow                     Hex            ###.....     4%          2    None


Dungeon Overview and Level Annotations

Branches:
Dungeon (6/15)             Temple (0/1) D:6

Altars:
Cheibriados
Ru
Trog

Shops:
D:5 *

Annotations:
D:4 3 runed translucent doors, demivan's ghost, amateur DDFi


Innate Abilities, Weirdness & Mutations

Your experience applies equally to all skills.
You have very sharp teeth.
Your uncanny sense of smell can sniff out nearby items.


Message History

Press: ? - help, Shift-Dir - straight line The ball explodes into a vile cloud!
The stinking cloud engulfs the orc priest but does no damage. x2
The orc priest mumbles some strange prayers to Beogh against you.
Beogh smites you!
* * * LOW HITPOINT WARNING * * *
The orc wizard casts a spell at you. The magic dart hits you.
* * * LOW HITPOINT WARNING * * *
The orc priest looks braver for a moment.
The orc priest calls down the wrath of Beogh upon you.
Pain shoots through your body!
* * * LOW HITPOINT WARNING * * *
Found a staircase to the Ecumenical Temple.
Casting: Mephitic Cloud (safe; 9% risk of failure)
Confirm with . or Enter, or press ? or * to list all spells.
You blink.
The orc priest invokes the aid of Beogh against you.
Beogh smites you!
You die...

#.###........
##.##..).#.... ...
##.....<....... ...
##..........#### ...
#.........###
#.###........##
#...#........#
###..........#
#.....@........
#######...............
.>.....................
........!....#####.....
......ooo...ยง# ..
......o#o##..#.>.#
.........#####...#
....o..#.# .#.#
.....o...# . #


You could see 2 orc priests, an orc wizard and 2 orcs.

Vanquished Creatures
  A phantom (D:4)
  A centaur (D:5)
  A scorpion (D:5)
  A howler monkey (D:4)
  A crimson imp (D:6)
  2 orc priests
  A hound (D:2)
  A jelly (D:5)
  An orc wizard (D:5)
  Natasha (twice) (D:3)
  2 iguanas (D:5)
  3 worker ants (D:4)
  6 adders
  An ooze (D:4)
  An adder zombie (D:5)
  4 worms
  2 dart slugs
  5 leopard geckos
  10 orcs
  16 giant cockroaches
  8 goblins
  7 hobgoblins
  15 jackals
  12 kobolds
  3 quokkas
  A ball python (D:3)
  A ball python skeleton (D:4)
  9 bats
  5 frilled lizards
  A jackal skeleton (D:5)
  2 jackal zombies
  A quokka skeleton (D:5)
  5 rats
132 creatures vanquished.

Vanquished Creatures (collateral kills)
  A worm (D:2)
  2 hobgoblins (D:2)
  A quokka (D:2)
4 creatures vanquished.

Grand Total: 136 creatures vanquished

Notes
Turn   | Place    | Note
-------+----------+-------------------------------------------
     0 | D:1      | Granthy the Gnoll Wizard began the quest for the Orb.
     0 | D:1      | Reached XP level 1. HP: 13/13 MP: 8/8
    86 | D:1      | Reached XP level 2. HP: 18/19 MP: 1/10
   351 | D:1      | Reached XP level 3. HP: 25/25 MP: 6/11
   661 | D:1      | Learned a level 2 spell: Blink
   665 | D:1      | Learned a level 3 spell: Conjure Flame
   668 | D:1      | Learned a level 2 spell: Call Imp
   672 | D:1      | Learned a level 3 spell: Mephitic Cloud
   957 | D:1      | Reached skill level 1 in Invocations
  1549 | D:2      | Reached skill level 1 in Fighting
  1549 | D:2      | Reached skill level 1 in Short Blades
  1549 | D:2      | Reached skill level 1 in Long Blades
  1549 | D:2      | Reached skill level 1 in Axes
  1549 | D:2      | Reached skill level 1 in Maces & Flails
  1549 | D:2      | Reached skill level 1 in Polearms
  1549 | D:2      | Reached skill level 1 in Staves
  1549 | D:2      | Reached skill level 1 in Slings
  1549 | D:2      | Reached skill level 1 in Bows
  1549 | D:2      | Reached skill level 1 in Crossbows
  1549 | D:2      | Reached skill level 1 in Throwing
  1549 | D:2      | Reached skill level 1 in Armour
  1549 | D:2      | Reached skill level 1 in Shields
  1549 | D:2      | Reached skill level 1 in Unarmed Combat
  1549 | D:2      | Reached skill level 1 in Evocations
  1624 | D:2      | Reached XP level 4. HP: 18/32 MP: 1/13
  1873 | D:2      | Reached skill level 1 in Hexes
  1873 | D:2      | Reached skill level 1 in Charms
  1873 | D:2      | Reached skill level 1 in Necromancy
  1873 | D:2      | Reached skill level 1 in Transmutations
  1873 | D:2      | Reached skill level 1 in Fire Magic
  1873 | D:2      | Reached skill level 1 in Ice Magic
  1873 | D:2      | Reached skill level 1 in Air Magic
  1873 | D:2      | Reached skill level 1 in Earth Magic
  1873 | D:2      | Reached skill level 1 in Poison Magic
  2145 | D:2      | Reached XP level 5. HP: 25/37 MP: 11/14
  3198 | D:3      | Found a snail-covered altar of Cheibriados.
  3463 | D:3      | Noticed Natasha
  3464 | D:3      | Reached XP level 6. HP: 44/44 MP: 10/16
  3474 | D:3      | Killed Natasha
  3603 | D:3      | Noticed Natasha
  3614 | D:3      | Killed Natasha
  3830 | D:4      | Found a runed translucent gate.
  3850 | D:4      | Found a runed translucent gate.
  3850 | D:4      | Found a runed translucent gate.
  3850 | D:4      | Noticed demivan's ghost (amateur DDFi)
  3903 | D:4      | Reached skill level 5 in Dodging
  4209 | D:4      | Found a sacrificial altar of Ru.
  4237 | D:4      | Noticed a phantom
  4265 | D:4      | Killed a phantom
  4265 | D:4      | Reached XP level 7. HP: 47/50 MP: 0/18
  4799 | D:5      | Entered Level 5 of the Dungeon
  4817 | D:5      | Found Udusear's General Store.
  5011 | D:5      | Found a bloodstained altar of Trog.
  5444 | D:5      | Reached skill level 5 in Stealth
  5731 | D:5      | Found a snail-covered altar of Cheibriados.
  5904 | D:6      | Found a staircase to the Ecumenical Temple.
  5905 | D:6      | Killed from afar by an orc priest

Levels and vault maps discovered:
D:1:      lightli_arrival_quake, layout_loops_cross, serial_forest,
          infiniplex_forest_straight_3, infiniplex_forest_pool,
          infiniplex_forest_clump_double, infiniplex_forest_lined_3_way,
          infiniplex_forest_end_2, infiniplex_forest_clump_diagonal
D:2:      minmay_chambers_of_twos, layout_rooms
D:3:      minmay_bubble_buster, layout_loops_ring,
          nicolae_overflow_hidden_temple, uniq_natasha
D:4:      layout_rooms, nicolae_ru_the_path_less_chosen, gammafunk_ghost_split,
          first_ration, roderic_serpentine_path
D:5:      layout_basic, serial_shops, shop, basic_altar, kennysheep_slug_shrine
D:6:      layout_rooms, minmay_temple_entry_from_below_a,
          uniq_crazy_yiuf_cottage

Skill      XL: |  1  2  3  4  5  6  7 |
---------------+----------------------+-----
Conjurations   | 2 3 |  3.1
Summonings     | 2 3 |  3.1
Translocations | 2 3 |  3.1
Invocations    | 1 2 3 |  3.0
Fighting       | 1 2 |  2.7
Short Blades   | 1 2 |  2.7
Long Blades    | 1 2 |  2.7
Axes           | 1 2 |  2.7
Maces & Flails | 1 2 |  2.7
Polearms       | 1 2 |  2.7
Staves         | 1 2 |  2.7
Slings         | 1 2 |  2.7
Bows           | 1 2 |  2.7
Crossbows      | 1 2 |  2.7
Throwing       | 1 2 |  2.7
Armour         | 1 2 |  2.7
Shields        | 1 2 |  2.7
Unarmed Combat | 1 2 |  2.7
Evocations     | 1 2 |  2.7
Hexes          | 1 2 |  2.2
Charms         | 1 2 |  2.2
Necromancy     | 1 2 |  2.2
Transmutations | 1 2 |  2.2
Fire Magic     | 1 2 |  2.2
Ice Magic      | 1 2 |  2.2
Air Magic      | 1 2 |  2.2
Earth Magic    | 1 2 |  2.2
Poison Magic   | 1 2 |  2.2
Dodging        | 5 |  5.4
Stealth        | 5 |  5.0
Spellcasting   | |  7.7

Action                   |  1- 3 |  4- 6 |  7- 9 || total
-------------------------+-------+-------+-------++-------
Melee: Dagger            |    26 |   132 |    72 ||   230
       Bite              |     1 |    12 |     6 ||    19
       Punch             |       |     1 |     3 ||     4
 Cast: Magic Dart        |    82 |    84 |    21 ||   187
       Call Imp          |     4 |       |       ||     4
       Blink             |     2 |       |     2 ||     4
       Conjure Flame     |     1 |     6 |     2 ||     9
       Mephitic Cloud    |       |     3 |     4 ||     7
  Use: Scroll            |     5 |       |     3 ||     8
 Stab: Sleeping          |       |     3 |     4 ||     7
       Confused          |       |     1 |     1 ||     2
  Eat: Chunk             |     2 |     6 |       ||     8
       Ration            |       |     1 |     1 ||     2
Armor: Robe              |     6 |    20 |    15 ||    41
Dodge: Dodged            |    37 |    95 |    60 ||   192
